 Dungeon Sprint DCSS version 0.26-a0-651-gb41185065b (webtiles) character file.

Game seed: 17828510781959705417

245822 mhtbhm the Axe Maniac (level 17, -12/189 (191) HPs)
             Began as a Minotaur Berserker on Sept 29, 2020.
             Was the Champion of Trog.
             Killed from afar by a hellion (31 damage)
             ... with damnation
             ... in the Dungeon (Sprint III: "The Ten Rune Challenge").
             The game lasted 00:38:53 (13596 turns).

mhtbhm the Axe Maniac (Minotaur Berserker)         Turns: 13596, Time: 00:38:54

HP:   -12/189 (191) AC: 30    Str: 30    XL:     17   Next: 69%
MP:   0/5           EV: 21    Int:  4    God:    Trog [******]
Gold: 2485          SH:  0    Dex: 11    Spells: 16/16 levels left

rFire    + + +     SeeInvis +   d - +6 executioner's axe (antimagic)
rCold    . . .     Faith    .   (shield currently unavailable)
rNeg     + + +     Spirit   +   Y - +2 plate armour {rF+}
rPois    +         Reflect  .   e - +1 hat {SInv}
rElec    +         Harm     .   D - scarf {repulsion}
rCorr    .         Rampage  .   o - +1 pair of gloves
MR       ++...     NoTele   +   (no boots)
Stlth    +++.......             h - amulet "Gaumag" {Spirit rPois Str+2 Slay+2}
HPRegen  0.41/turn              u - ring "Toemisedd" {rElec rF+ rN+ Stlth+}
MPRegen  0.09/turn              b - ring of Xaelil {+Fly rElec rF+ rC- rN++}

@: flying, studying 2 skills, repel missiles
A: retaliatory headbutt, horns 2, iridescent scales 1, blurry vision 1, cold
resistance 1, magic resistance 1, mutation resistance 1, electricity resistance
}: 4/10 runes: decaying, barnacled, silver, golden
a: Berserk, Trog's Hand, Brothers in Arms, Renounce Religion, Stop Flying


You were in the Dungeon.
You worshipped Trog.
Trog was exalted by your worship.
You visited 1 branch You collected 2961 gold pieces.
You spent 476 gold pieces at shops.

Inventory:

Hand Weapons
 a - the +5 executioner's axe of the Magi {drain, +Blink rPois rF+++ Dex-3}
   (You found it in the Dungeon)

   A truly terrible weapon, it drains the life of those it strikes.
   It affects your dexterity (-3).
   It renders you almost immune to fire.
   It protects you from poison.
   It lets you blink.
 d - a +6 antimagic executioner's axe (weapon)
Missiles
 c - 5 curare-tipped darts (quivered)
 I - 4 throwing nets
Armour
 e - a +1 hat of see invisible (worn)
 m - the +8 tower shield "Kiwifeep" {Rampage rPois MR+ Int-3}
   (You took it off Mennas in the Dungeon)

   It affects your intelligence (-3).
   It protects you from poison.
   It affects your resistance to hostile enchantments.
   It bestows one free step when moving towards enemies.
 o - a +1 pair of gloves (worn)
 D - a scarf of repulsion (worn)
 Y - a +2 plate armour of fire resistance (worn)
Jewellery
 b - the ring of Xaelil (right hand) {+Fly rElec rF+ rC- rN++}
   (You found it in the Dungeon)

   [ring of flight]

   It protects you from fire.
   It makes you vulnerable to cold.
   It insulates you from electricity.
   It greatly protects you from negative energy.
   It lets you fly.
 h - the amulet "Gaumag" (around neck) {Spirit rPois Str+2 Slay+2}
   (You found it in the Dungeon)

   [amulet of guardian spirit]

   It causes incoming damage to be split between your health and magic.
   It affects your strength (+2).
   It affects your accuracy and damage with ranged weapons and melee attacks
   (+2).
   It protects you from poison.
 n - an uncursed ring of see invisible
 u - the ring "Toemisedd" (left hand) {rElec rF+ rN+ Stlth+}
   (You found it in the Dungeon)

   [ring of positive energy]

   It protects you from fire.
   It insulates you from electricity.
   It protects you from negative energy.
   It makes you more stealthy.
 x - a +6 ring of strength
 J - the amulet "Tajuer" {Spirit rElec rF++ SInv}
   (You took it off a deep elf high priest in the Dungeon)

   [amulet of guardian spirit]

   It causes incoming damage to be split between your health and magic.
   It greatly protects you from fire.
   It insulates you from electricity.
   It lets you see invisible.
 R - the ring of Jienasta {rF++ Dex+2 Stlth-}
   (You took it off a deep elf mage in the Dungeon)

   [ring of attention]

   It affects your dexterity (+2).
   It greatly protects you from fire.
   It makes you less stealthy.
Wands
 p - a wand of acid (16)
 v - a wand of iceblast (9)
 E - a wand of disintegration (7)
Scrolls
 j - a scroll of holy word
 k - a scroll of silence
 l - 3 scrolls of remove curse
 F - a scroll of fog
 H - 8 scrolls of acquirement
 O - a scroll of fear {unknown}
 S - a scroll of blinking
 T - 2 scrolls of enchant weapon
 U - a scroll of enchant armour {unknown}
Potions
 g - 2 potions of berserk rage
 i - 3 potions of mutation
 r - a potion of cancellation {unknown}
 w - a potion of lignification {unknown}
 z - 2 potions of curing
 A - 3 potions of flight
 C - a potion of invisibility {unknown}
 G - a potion of magic
Books
 s - a manual of Crossbows
 N - a manual of Shields
Miscellaneous
 f - the horn of Geryon
 q - a tin of tremorstones (3/3)
 B - a box of beasts (3/3)
 P - a lightning rod (4/4)
 Q - a phantom mirror


   Skills:
 O Level 27 Fighting
 O Level 27 Axes
 + Level 12.2 Throwing
 O Level 27 Armour
 O Level 27 Dodging
 - Level 17.4 Stealth
 + Level 19.3 Evocations


You had 16 spell levels left.
You didn't know any spells.
Your spell library was empty.

Dungeon Overview and Level Annotations

Branches:
Dungeon (1/1)

Altars:
Cheibriados
Dithmenos
Elyvilon
Fedhas
Gozag
Hepliaklqana
Kikubaaqudgha
Makhleb
Nemelex Xobeh
Okawaru
Qazlal
Ru
Sif Muna
Trog
Uskayaw
Vehumet
Wu Jian
Xom
Yredelemnul
Zin
The Shining One
Beogh
Jiyva
Lugonu

Shops:
D !:[?[*=[[[!!=(=![!?:}((


Innate Abilities, Weirdness & Mutations

You reflexively headbutt those who attack you in melee.
You have a pair of horns on your head.
You are partially covered in iridescent scales. (AC +2)
Scrolls take you a little longer to read.
Your flesh is cold resistant. (rC+)
You are resistant to hostile enchantments. (MR+)
You are somewhat resistant to further mutation.
You are resistant to electric shocks. (rElec)


Message History

The hellion gestures at you.
The sphere of damnation explodes!
The damnation engulfs you!!
Found 11 gold pieces.
The hellion gestures at you.
The sphere of damnation explodes!
The damnation engulfs you!! The hellion gestures at you.
The sphere of damnation explodes!
The damnation engulfs you!!
Unknown command.
Okay, then.
The hellion gestures at you.
The sphere of damnation explodes!
The damnation engulfs you!! The hellion gestures at you.
The sphere of damnation explodes!
The damnation engulfs you!
* * * LOW HITPOINT WARNING * * *
The hellion gestures at you.
The sphere of damnation explodes!
The damnation engulfs you!!
* * * LOW HITPOINT WARNING * * *
The hellion gestures at you.
The sphere of damnation explodes!
The damnation engulfs you!!
You die...

***** ♣.♣..≈°≈ ♣♣♣♣♣♣♣♣
♣
###*##*####************
#≈.$!.,(.$,,,#*,+,,*^^,
#≈≈..222.###▓#*,*,,+,,*
#≈≈≈§222.≈≈≈§#*,****^,*
#.≈§≈§§≈≈≈≈≈.#*,*,,**+*
#.≈§§§@≈≈≈≈≈.#*,*,,*,,*
#..§§≈§§§≈○..#*,+,,*,,*
#§☼§.○§≈§§...#******++*
#○○.☼°§§§☼☼§§#**,*,*,,*
#8.§○§...○.○8#*,^,^,,,,
▓######.#############+##
▓................)..(..(
▓................))...(.
▓...............=[)((((.


You could see 6 hellions.

Vanquished Creatures
  the Serpent of Hell (D)
  Mara (D)
  Mennas (D)
  2 greater mummies (D)
  Sojobo (D)
  Boris (D)
  Sigmund (D)
  Xtahua (D)
  Geryon (D)
  Nikola (D)
  3 golden dragons (D)
  Rupert (D)
  A lich (D)
  A deep elf blademaster (D)
  An ancient champion (D)
  2 sphinxes (D)
  Gastronok (D)
  Chuck (D)
  An Executioner (D)
  A kraken (D)
  A storm dragon (D)
  Roxanne (D)
  4 azure jellies (D)
  3 shadow dragons (D)
  2 ghost moths (D)
  A frost giant (D)
  2 draconian knights (D)
  2 fire giants (D)
  2 stone giants (D)
  2 vampire knights (D)
  A deep elf demonologist (D)
  Azrael (D)
  A deep elf annihilator (D)
  2 dire elephants (D)
  11 mummy priests (D)
  A deep elf death mage (D)
  3 fire dragons (D)
  Erolcha (D)
  A deep elf high priest (D)
  3 hydras (D)
  3 yaktaur captains (D)
  2 hell beasts (D)
  18 vault guards (D)
  An anaconda (shapeshifter) (D)
  2 centaur warriors (D)
  A death yak (shapeshifter) (D)
  An alligator snapping turtle (D)
  An ogre mage (D)
  4 death yaks (D)
  4 dancing weapons (D)
  A titan zombie (D)
  Urug (D)
  2 soul eaters (D)
  A small abomination (D)
  3 deep elf knights (D)
  2 sun demons (D)
  A golden dragon zombie (D)
  8 skeletal warriors (D)
  An anaconda zombie (D)
  A spriggan druid (D)
  A death drake (D)
  An orange crystal statue (D)
  A glowing orange brain (shapeshifter) (D)
  An obsidian statue (D)
  A lindwurm (D)
  6 deep elf magi (D)
  7 statues (D)
  4 crystal guardians (D)
  2 oklob plants (D)
  A manticore (shapeshifter) (D)
  5 ugly things (D)
  A salamander (shapeshifter) (D)
  2 elephants (D)
  2 stone giant skeletons (D)
  A molten gargoyle (D)
  2 cane toads (D)
  2 black mambas (D)
  Edmund (D)
  A rime drake (D)
  A komodo dragon (D)
  2 ice devils (D)
  9 yaktaurs (D)
  12 guardian mummies (D)
  4 spriggan defenders (D)
  A queen bee (D)
  3 hornets (D)
  2 orc high priests (D)
  2 tyrant leeches (D)
  8 blink frogs (D)
  5 snapping turtles (D)
  A dream sheep (shapeshifter) (D)
  7 slime creatures (D)
  2 spriggans (D)
  5 redbacks (D)
  A shadow (D)
  2 iron troll simulacra (D)
  A spatial vortex (D)
  2 hell hounds (D)
  A hydra simulacrum (D)
  3 wandering mushrooms (D)
  An orc warrior (D)
  A swamp drake (D)
  A necrophage (D)
  A fire dragon simulacrum (D)
  A black mamba simulacrum (D)
  5 two-headed ogres (D)
  A water elemental (D)
  32 killer bees (D)
  3 electric eels (D)
  A jelly (D)
  4 orc wizards (D)
  4 orc priests (D)
  A necromancer (D)
  A wizard (D)
  A polar bear simulacrum (D)
  A wolf simulacrum (D)
  3 humans (D)
  A kobold demonologist (D)
  A wolf (D)
  An ooze (D)
  6 orcs (D)
  3 rats (D)
  5 bushes (D)
  2 butterflies (D)
  A crawling corpse (D)
  2 plants (D)
  2 tentacles (D)
329 creatures vanquished.

Vanquished Creatures (collateral kills)
  A Brimstone Fiend (D)
  A stone giant (D)
  An orc high priest (D)
  2 yaktaurs (D)
  A guardian mummy (D)
  An orc warrior (D)
  2 orc priests (D)
  An orc (D)
10 creatures vanquished.

Vanquished Creatures (others)
  A ghost moth (D)
  A shadow wraith (D)
  A guardian mummy (D)
  A statue (D)
  3 ball lightnings (D)
  5 ballistomycete spores (D)
  A bush (D)
  3 fungi (D)
  27 plants (D)
  5 tentacles (D)
48 creatures vanquished.

Grand Total: 387 creatures vanquished

Notes
Turn   | Place    | Note
-------+----------+-------------------------------------------
     0 | D        | mhtbhm the Minotaur Berserker began the quest for the Orb.
     0 | D        | Reached XP level 1. HP: 19/19 MP: 0/0
    15 | D        | Reached ** piety under Trog
    40 | D        | Reached skill level 5 in Fighting
    40 | D        | Reached skill level 5 in Axes
    40 | D        | Reached XP level 2. HP: 30/30 MP: 1/1
    86 | D        | Reached XP level 3. HP: 37/37 MP: 2/2
   107 | D        | Gained mutation: You have large cloven feet. [potion of
                  | mutation]
   107 | D        | Gained mutation: Scrolls take you a little longer to read.
                  | [potion of mutation]
   107 | D        | Gained mutation: Your spells are a little harder to cast,
                  | but a little more powerful. [potion of mutation]
   107 | D        | Gained mutation: Your flesh is cold resistant. (rC+)
                  | [potion of mutation]
   108 | D        | Lost mutation: You have large cloven feet. [potion of
                  | mutation]
   108 | D        | Lost mutation: Your spells are a little harder to cast, but
                  | a little more powerful. [potion of mutation]
   108 | D        | Gained mutation: You are resistant to electric shocks.
                  | (rElec) [potion of mutation]
   108 | D        | Gained mutation: You are partially covered in iridescent
                  | scales. (AC +2) [potion of mutation]
   108 | D        | Gained mutation: You are somewhat resistant to further
                  | mutation. [potion of mutation]
   108 | D        | Gained mutation: You are resistant to hostile enchantments.
                  | (MR+) [potion of mutation]
   126 | D        | Noticed a water elemental
   130 | D        | Killed a water elemental
   130 | D        | Reached *** piety under Trog
   130 | D        | Reached skill level 1 in Stealth
   130 | D        | Reached XP level 4. HP: 47/47 MP: 3/3
   181 | D        | Found a hide-covered altar of Uskayaw.
   181 | D        | Found a roughly hewn altar of Beogh.
   181 | D        | Found an iron altar of Okawaru.
   181 | D        | Found a bloodstained altar of Trog.
   181 | D        | Found an ornate altar of the Wu Jian Council.
   181 | D        | Noticed a human
   182 | D        | Noticed a human
   187 | D        | Killed a human
   187 | D        | Reached skill level 5 in Armour
   187 | D        | Reached XP level 5. HP: 57/57 MP: 4/4
   191 | D        | Killed a human
   191 | D        | Reached skill level 10 in Fighting
   191 | D        | Reached skill level 10 in Axes
   191 | D        | Reached skill level 5 in Dodging
   191 | D        | Reached XP level 6. HP: 66/66 MP: 5/5
   262 | D        | Found a glowing silver altar of Zin.
   262 | D        | Found a glowing golden altar of the Shining One.
   262 | D        | Found a white marble altar of Elyvilon.
   263 | D        | Noticed a deep elf mage
   274 | D        | Killed a deep elf mage
   274 | D        | Reached **** piety under Trog
   274 | D        | Reached XP level 7. HP: 75/75 MP: 6/6
   317 | D        | Found a radiant altar of Vehumet.
   317 | D        | Found a shimmering blue altar of Sif Muna.
   317 | D        | Found an ancient bone altar of Kikubaaqudgha.
   344 | D        | Found a basalt altar of Yredelemnul.
   344 | D        | Found a shadowy altar of Dithmenos.
   344 | D        | Found a sacrificial altar of Ru.
   356 | D        | Reached ***** piety under Trog
   375 | D        | Noticed a shadow
   378 | D        | Killed a shadow
   378 | D        | Reached XP level 8. HP: 69/83 MP: 7/7
   381 | D        | Received a gift from Trog
   486 | D        | Found a blossoming altar of Fedhas.
   486 | D        | Found a stormy altar of Qazlal.
   486 | D        | Found a snail-covered altar of Cheibriados.
   486 | D        | Found a burning altar of Makhleb.
   486 | D        | Found a shimmering altar of Xom.
   487 | D        | Found a hazy altar of Hepliaklqana.
   487 | D        | Found an opulent altar of Gozag.
   487 | D        | Found a sparkling altar of Nemelex Xobeh.
   487 | D        | Found a corrupted altar of Lugonu.
   487 | D        | Found a viscous altar of Jiyva.
   529 | D        | Noticed a two-headed ogre
   538 | D        | Killed a two-headed ogre
   670 | D        | Noticed a two-headed ogre
   670 | D        | Noticed Erolcha
   676 | D        | Killed Erolcha
   676 | D        | Reached skill level 15 in Axes
   676 | D        | Reached XP level 9. HP: 93/93 MP: 8/8
   682 | D        | Killed a two-headed ogre
   746 | D        | Reached ****** piety under Trog
  1091 | D        | Noticed a wandering mushroom
  1098 | D        | Noticed a wandering mushroom
  1100 | D        | Noticed a wandering mushroom
  1197 | D        | Received a gift from Trog
  1206 | D        | Killed a wandering mushroom
  1319 | D        | Noticed a cane toad
  1319 | D        | Noticed a komodo dragon
  1319 | D        | Noticed a cane toad
  1321 | D        | Killed a cane toad
  1321 | D        | Reached skill level 5 in Stealth
  1323 | D        | Killed a cane toad
  1323 | D        | Reached skill level 15 in Fighting
  1323 | D        | Reached XP level 10. HP: 103/103 MP: 3/9
  2200 | D        | Noticed a lindwurm
  2205 | D        | Killed a lindwurm
  2205 | D        | Reached skill level 10 in Dodging
  2213 | D        | Noticed Urug
  2226 | D        | Killed Urug
  2226 | D        | Received a gift from Trog
  2311 | D        | Noticed Sigmund
  2311 | D        | Noticed Edmund
  2324 | D        | Killed Edmund
  2331 | D        | HP: 3/106 [something (27)]
  2335 | D        | Killed Sigmund
  2335 | D        | Reached XP level 11. HP: 32/118 MP: 10/10
  2649 | D        | Noticed an orc high priest
  2654 | D        | Received a gift from Trog
  2656 | D        | Found Odogonec's Assorted Antiques.
  2661 | D        | Killed an orc high priest
  2664 | D        | Received a gift from Trog
  2763 | D        | Noticed a deep elf mage
  2763 | D        | Noticed a deep elf knight
  2763 | D        | Noticed a deep elf mage
  2763 | D        | Noticed a deep elf knight
  2763 | D        | Noticed a deep elf mage
  2775 | D        | Killed a deep elf knight
  2775 | D        | Received a gift from Trog
  2779 | D        | Killed a deep elf knight
  2780 | D        | Killed a deep elf mage
  2782 | D        | Killed a deep elf mage
  2782 | D        | Received a gift from Trog
  2785 | D        | Killed a deep elf mage
  2800 | D        | Noticed a deep elf demonologist
  2891 | D        | Received a gift from Trog
  2899 | D        | Received a gift from Trog
  2908 | D        | Received a gift from Trog
  2920 | D        | Received a gift from Trog
  2935 | D        | Got a scorched executioner's axe {god gift}
  2936 | D        | Identified the +5 executioner's axe "Giantslayer" {flame,
                  | rElec Int+4 Dex-4 Stlth+} (Trog gifted it to you in the
                  | Dungeon)
  2995 | D        | Noticed a sixfirhy
  3000 | D        | Received a gift from Trog
  3013 | D        | Reached skill level 10 in Armour
  3091 | D        | Noticed an orange crystal statue
  3096 | D        | Killed an orange crystal statue
  3108 | D        | Found Qaquxic's Distillery.
  3108 | D        | Found Roogg's Book Shop.
  3108 | D        | Found Tozyuph's Distillery.
  3108 | D        | Found Mogguupn's Antique Armour Boutique.
  3108 | D        | Found Idywenuc's Magic Scroll Emporium.
  3108 | D        | Found Furi's Jewellery Shoppe.
  3108 | D        | Found Ojigh's Antique Weapon Shop.
  3108 | D        | Found Cumafeq's Antique Weapon Shop.
  3108 | D        | Found Vuskejiuc's Weapon Emporium.
  3108 | D        | Found Keod's Jewellery Emporium.
  3108 | D        | Found Japuret's Gadget Boutique.
  3167 | D        | Noticed a crystal guardian
  3167 | D        | Noticed a crystal guardian
  3167 | D        | Noticed a crystal guardian
  3167 | D        | Noticed a crystal guardian
  3170 | D        | Killed a crystal guardian
  3170 | D        | Reached XP level 12. HP: 130/130 MP: 3/11
  3177 | D        | Received a gift from Trog
  3671 | D        | Got a pitted glass ring
  3672 | D        | Identified the ring "Toemisedd" {rElec rF+ rN+ Stlth+} (You
                  | found it in the Dungeon)
  3695 | D        | Received a gift from Trog
  3733 | D        | Noticed a centaur warrior
  3741 | D        | Killed a centaur warrior
  3760 | D        | Noticed a fire dragon
  3766 | D        | Killed a fire dragon
  3807 | D        | Received a gift from Trog
  3827 | D        | Got a dazzling executioner's axe
  3828 | D        | Identified the +6 executioner's axe of Prudence {chaos,
                  | rF++ rC- Int+2} (You found it in the Dungeon)
  3830 | D        | Got a slimy executioner's axe
  3831 | D        | Identified the +5 executioner's axe of the Magi {drain,
                  | +Blink rPois rF+++ Dex-3} (You found it in the Dungeon)
  3956 | D        | Noticed a two-headed ogre
  3956 | D        | a glowing orange brain changed into a two-headed ogre
  3959 | D        | a two-headed ogre changed into a floating eye
  3976 | D        | Noticed a yaktaur captain
  3984 | D        | Noticed an entropy weaver
  3984 | D        | a tyrant leech changed into an entropy weaver
  3989 | D        | Noticed a six-headed hydra
  3993 | D        | Noticed a death yak
  3993 | D        | a seven-headed hydra changed into a death yak
  3996 | D        | Killed a death yak
  3996 | D        | Reached skill level 1 in Evocations
  4003 | D        | Killed a yaktaur captain
  4240 | D        | Noticed Chuck
  4252 | D        | Killed Chuck
  4623 | D        | Reached XP level 13. HP: 143/143 MP: 12/12
  4627 | D        | Received a gift from Trog
  4641 | D        | Noticed an ancient lich
  5047 | D        | Noticed Rupert
  5053 | D        | Killed Rupert
  5087 | D        | Received a gift from Trog
  5095 | D        | Noticed an azure jelly
  5095 | D        | Noticed an azure jelly
  5097 | D        | Noticed an azure jelly
  5097 | D        | Noticed an azure jelly
  5555 | D        | Noticed a dire elephant
  5556 | D        | Noticed Gastronok
  5563 | D        | Killed a dire elephant
  5563 | D        | Received a gift from Trog
  5569 | D        | Killed Gastronok
  5574 | D        | Killed an azure jelly
  5577 | D        | Killed an azure jelly
  5590 | D        | Noticed a dire elephant
  5603 | D        | Killed a dire elephant
  5650 | D        | Killed an azure jelly
  5650 | D        | Received a gift from Trog
  5656 | D        | Killed an azure jelly
  5996 | D        | Noticed a fire dragon
  5996 | D        | Noticed a fire dragon
  6002 | D        | Killed a fire dragon
  6003 | D        | Found Ricsenwu's Distillery.
  6003 | D        | Found Tycercha's Book Boutique.
  6003 | D        | Found Keunomal's Antique Armour Emporium.
  6008 | D        | Killed a fire dragon
  6008 | D        | Reached XP level 14. HP: 113/155 MP: 13/13
  6009 | D        | Received a gift from Trog
  6026 | D        | Bought a potion of flight for 39 gold pieces
  6026 | D        | Bought a potion of flight for 39 gold pieces
  6030 | D        | Bought a runed scarf for 176 gold pieces
  6047 | D        | Noticed Xtahua
  6053 | D        | Killed Xtahua
  6053 | D        | Reached skill level 27 in Axes
  6292 | D        | Got a decaying rune of Zot
  6561 | D        | Reached skill level 10 in Stealth
  6574 | D        | Noticed Sojobo
  6598 | D        | Killed Sojobo
  6598 | D        | Received a gift from Trog
  6598 | D        | Reached skill level 15 in Armour
  6598 | D        | Reached skill level 15 in Dodging
  6808 | D        | Noticed a lich
  6812 | D        | Noticed a Tzitzimitl
  6813 | D        | Killed a lich
  6822 | D        | Noticed a shadow dragon
  6822 | D        | Noticed a shadow dragon
  6832 | D        | Killed a shadow dragon
  6833 | D        | Received a gift from Trog
  6841 | D        | Killed a shadow dragon
  7125 | D        | Noticed Boris
  7132 | D        | Received a gift from Trog
  7150 | D        | Killed Boris
  7154 | D        | Received a gift from Trog
  7333 | D        | Found Bidecif's Armour Emporium.
  7333 | D        | Found Rawyn's Distillery.
  7333 | D        | Found Ducic's Armour Shop.
  7333 | D        | Found Nabifif's Distillery.
  7344 | D        | Noticed Roxanne
  7355 | D        | Killed Roxanne
  7355 | D        | Received a gift from Trog
  7418 | D        | Found Edgheamuecw's Armour Boutique.
  7552 | D        | Noticed Nikola
  7552 | D        | Noticed a storm dragon
  7558 | D        | Killed a storm dragon
  7558 | D        | Reached XP level 15. HP: 173/173 MP: 14/14
  7565 | D        | Killed Nikola
  7565 | D        | Received a gift from Trog
  7565 | D        | Reached skill level 27 in Fighting
  7571 | D        | Got a crystal battleaxe {god gift}
  7572 | D        | Identified the +7 battleaxe of Lixt {flame, rN+ MR+ Dex-5
                  | Stlth+} (Trog gifted it to you in the Dungeon)
  7956 | D        | Noticed Azrael
  7958 | D        | Killed Azrael
  8209 | D        | Identified the ring "Uletrir" {+Blink rPois Int+6 Dex+4}
  8213 | D        | Identified the +10 battleaxe of Fragile Peace {vorpal, rF+
                  | Str+6 Int-5}
  8213 | D        | Identified the amulet "Tajuer" {Spirit rElec rF++ SInv}
  8220 | D        | Identified the ring of Jienasta {rF++ Dex+2 Stlth-}
  8381 | D        | Noticed a deep elf blademaster
  8383 | D        | Noticed a Hell Sentinel
  8390 | D        | Reached skill level 1 in Throwing
  8394 | D        | Killed a deep elf blademaster
  8404 | D        | Received a gift from Trog
  8465 | D        | Got a wavering wooden ring
  8470 | D        | Identified the Handbook of Floating Poison
  8479 | D        | Identified the ring of Xaelil {+Fly rElec rF+ rC- rN++}
                  | (You found it in the Dungeon)
  8683 | D        | Noticed a sphinx
  8683 | D        | Noticed a sphinx
  8693 | D        | Killed a sphinx
  8693 | D        | Killed a sphinx
  8693 | D        | Received a gift from Trog
  8886 | D        | Reached skill level 5 in Evocations
  9191 | D        | Reached skill level 15 in Stealth
  9476 | D        | Received a gift from Trog
  9558 | D        | Noticed a greater mummy
  9558 | D        | Noticed a greater mummy
  9571 | D        | Received a gift from Trog
 10257 | D        | Killed a greater mummy
 10257 | D        | Received a gift from Trog
 10277 | D        | Killed a greater mummy
 10277 | D        | Reached skill level 5 in Throwing
 10277 | D        | Reached XP level 16. HP: 21/183 MP: 2/15
 10371 | D        | Got a dazzling plate armour
 10382 | D        | Identified the cursed +0 plate armour of Impatience {Harm
                  | rN+ MR+} (You found it in the Dungeon)
 10391 | D        | Identified the Incunabulum of the Maze
 10393 | D        | Got a golden rune of Zot
 10421 | D        | Got a clouded crystal amulet
 10432 | D        | Identified the amulet "Gaumag" {Spirit rPois Str+2 Slay+2}
                  | (You found it in the Dungeon)
 10851 | D        | Found a blossoming altar of Fedhas.
 10860 | D        | Received a gift from Trog
 10892 | D        | Received a gift from Trog
 10900 | D        | Identified the Compendium of Damaging Execration
 11350 | D        | Noticed a kraken
 11361 | D        | Killed a kraken
 11369 | D        | Received a gift from Trog
 11492 | D        | Found Tail's Jewellery Boutique.
 11492 | D        | Found Ziec's Antique Armour Shop.
 11492 | D        | Found Jiczoger's Magic Scroll Emporium.
 11511 | D        | Got a barnacled rune of Zot
 11514 | D        | Bought a scroll of enchant weapon for 90 gold pieces
 11514 | D        | Bought a scroll of blinking for 90 gold pieces
 11514 | D        | Bought a scroll of magic mapping for 42 gold pieces
 11755 | D        | Noticed Mara
 11765 | D        | Noticed mhtbhm's illusion
 11766 | D        | Killed Mara
 11772 | D        | Received a gift from Trog
 11827 | D        | Noticed an ancient champion
 11836 | D        | Killed an ancient champion
 11838 | D        | Got a smelly chain mail
 11974 | D        | Received a gift from Trog
 12062 | D        | Received a gift from Trog
 12149 | D        | Noticed Geryon
 12152 | D        | Received a gift from Trog
 12159 | D        | Received a gift from Trog
 12178 | D        | Killed Geryon
 12178 | D        | Reached skill level 27 in Armour
 12202 | D        | Identified the cursed +0 chain mail of Sin {Regen+ MP+9}
                  | (You found it in the Dungeon)
 12374 | D        | Identified the +8 tower shield "Kiwifeep" {Rampage rPois
                  | MR+ Int-3}
 12374 | D        | Noticed Mennas
 12406 | D        | Killed Mennas
 12406 | D        | Reached skill level 10 in Evocations
 12584 | D        | Received a gift from Trog
 12779 | D        | Noticed an Executioner
 12784 | D        | Killed an Executioner
 12784 | D        | Received a gift from Trog
 13006 | D        | Reached XP level 17. HP: 187/189 MP: 5/16
 13021 | D        | Noticed a golden dragon
 13021 | D        | Noticed a golden dragon
 13024 | D        | Received a gift from Trog
 13024 | D        | Noticed a golden dragon
 13027 | D        | Received a gift from Trog
 13028 | D        | Reached skill level 10 in Throwing
 13029 | D        | Received a gift from Trog
 13033 | D        | Killed a golden dragon
 13033 | D        | Received a gift from Trog
 13033 | D        | Reached skill level 27 in Dodging
 13035 | D        | Killed a golden dragon
 13035 | D        | Reached skill level 15 in Evocations
 13041 | D        | Killed a golden dragon
 13047 | D        | Received a gift from Trog
 13060 | D        | Got a silver rune of Zot
 13430 | D        | Noticed the Serpent of Hell
 13432 | D        | Noticed a Brimstone Fiend
 13443 | D        | Killed the Serpent of Hell
 13453 | D        | Killed a Brimstone Fiend
 13596 | D        | Killed from afar by a hellion

Illustrated notes

Levels and vault maps discovered:
D:        dungeon_sprint_mu [sprint_mu_entry_forest, sprint_mu_temple_rooms,
          sprint_mu_d1_spiders, sprint_mu_d2_genie, sprint_mu_d3_branching,
          sprint_mu_orc_legion, sprint_mu_elf_gauntlet, sprint_mu_hive_nellie,
          sprint_mu_lair_fedhas, sprint_mu_vaults_butterflies,
          sprint_mu_slime_circle, sprint_mu_swamp_cave, sprint_mu_shoals_kraken,
          sprint_mu_blade_basic, sprint_mu_crypt_lich, sprint_mu_tomb_spiral,
          sprint_mu_vestibule_basic, sprint_mu_gehenna_hellfire,
          sprint_mu_dis_giant, sprint_mu_tartarus_statrot,
          sprint_mu_cocytus_islands, sprint_mu_zot1]

Skill      XL: |  1  2  3  4  5  6  7  8  9 10 11 12 13 14 15 16 17 |
---------------+----------------------------------------------------+-----
Fighting       | 5 6 7 9 10 11 12 14 15 17 19 21 22 26 27 | 27.0
Axes           | 5 6 7 9 10 12 13 15 17 20 21 23 26 27 | 27.0
Armour         | 3 4 5 6 7 8 9 10 12 14 17 22 27 | 27.0
Dodging        | 3 4 5 6 8 9 11 12 13 14 16 20 25 27 | 27.0
Stealth        | 1 2 3 4 5 7 8 9 11 17 | 17.4
Evocations     | 2 4 5 11 19 | 19.3
Throwing       | 5 9 12 | 12.2

Action                   |  1- 3 |  4- 6 |  7- 9 | 10-12 | 13-15 | 16-18 || total
-------------------------+-------+-------+-------+-------+-------+-------++-------
Melee: Hand axe          |    15 |    18 |    98 |       |       |       ||   131
       Headbutt          |     4 |     2 |    31 |    44 |    83 |    56 ||   220
       Battleaxe         |       |       |     6 |   143 |       |       ||   149
       Broad axe         |       |       |       |    43 |       |       ||    43
       Executioner's axe |       |       |       |    61 |   368 |   220 ||   649
Throw: Dart              |       |       |       |       |     2 |       ||     2
       Javelin           |       |       |       |       |     1 |       ||     1
Invok: Berserk           |     2 |     2 |     3 |    12 |    16 |     9 ||    44
       Brothers in Arms  |       |       |       |     1 |     5 |     3 ||     9
       Trog's Hand       |       |       |       |       |     1 |       ||     1
 Abil: Evoke Flight      |       |       |       |       |     1 |     4 ||     5
Evoke: Wand              |       |       |       |     6 |     2 |       ||     8
       Tin of tremorston |       |       |       |       |       |     9 ||     9
  Use: Potion            |     2 |       |       |     4 |     9 |       ||    15
       Scroll            |       |       |       |       |     4 |     7 ||    11
 Stab: Sleeping          |     1 |       |     1 |     3 |     5 |     1 ||    11
       Distracted        |       |       |       |     1 |     2 |       ||     3
Armor: Animal skin       |     2 |     2 |     6 |     2 |       |       ||    12
       Ring mail         |       |       |       |    38 |    88 |       ||   126
       Chain mail        |       |       |       |       |    38 |       ||    38
       Crystal plate arm |       |       |       |       |       |    80 ||    80
       Plate armour      |       |       |       |       |       |    45 ||    45
Dodge: Dodged            |     9 |     3 |    45 |   118 |   249 |   178 ||   602
       Repelled          |       |       |       |       |     4 |     5 ||     9

Table legend: (Time is in decaauts) A = Elapsed time spent in this place. B = Non-inter-level travel time spent in this place. C = Inter-level travel time spent in this place. D = Time resting spent in this place. E = Time spent auto-exploring this place. F = Levels seen in this place. G = Mean time per level. A B C D E F G +--------+--------+--------+--------+--------+-----+--------+ Total | 13748 | 13748 | 0 | 8365 | 65 | 1 | 13748.0 | Dungeon | 13748 | 13748 | 0 | 8365 | 65 | 1 | 13748.0 | +--------+--------+--------+--------+--------+-----+--------+

Top non-repeatable levels by time:
       D: 13748 daAuts
